 Dungeon Crawl Stone Soup version 0.20-a0-550-gf70bbbc (webtiles) character file.

1904 ololoev the Skirmisher (level 8, 0/62 HPs)
             Began as a Mummy Fire Elementalist on Feb 2, 2017.
             Was a Follower of Yredelemnul.
             Shot with an arrow by a centaur (4 damage)
             ... on level 7 of the Dungeon.
             The game lasted 00:17:33 (7317 turns).

ololoev the Skirmisher (Mummy Fire Elementalist)    Turns: 7317, Time: 00:17:34

Health: 0/62       AC:  5    Str: 13    XL:     8   Next: 94%
Magic:  15/15      EV: 11    Int: 15    God:    Yredelemnul [*.....]
Gold:   387        SH:  0    Dex: 12    Spells: 11/16 levels left

rFire    x . .     SeeInvis .   a - +1 flail (protect)
rCold    + . .     Gourm    .   m - +0 ring mail
rNeg     + + +     Faith    .   (no shield)
rPois    ∞         Spirit   .   (no helmet)
rElec    .         Reflect  .   (no cloak)
rCorr    .         Harm     .   (no gloves)
MR       +....                  (no boots)
Stlth    +.........             (no amulet)
Regen    0.2/turn               (no ring)
                                (no ring)

@: no status effects
A: no food or potions, fire vulnerability, cold resistance 1, negative energy
resistance 3, torment resistance, unbreathing
a: Animate Remains, Renounce Religion


Innate Abilities, Weirdness & Mutations

You do not eat or drink.
Your flesh is vulnerable to fire.
You are immune to poison.
Your flesh is cold resistant. (rC+)
You are immune to negative energy. (rN+++)
You are immune to unholy pain and torment.
You can survive without breathing.

Inventory:

Hand Weapons
 a - a +1 flail of protection (weapon)
 b - a +0 dagger of venom
 i - a +0 falchion
Armour
 j - a +0 chain mail
 m - a +0 ring mail (worn)
Wands
 e - a wand of iceblast (1/15)
 g - a wand of acid (1/15)
Scrolls
 c - a scroll of immolation
 d - 3 scrolls of remove curse
 f - 3 scrolls of teleportation
 h - a scroll of fog
 k - a scroll of enchant weapon
 l - a scroll of noise {unknown}


   Skills:
 + Level 5.0 Fighting
 * Level 4.3 Long Blades
 + Level 4.1 Armour
 - Level 1.5 Dodging
 - Level 1.5 Stealth
 * Level 4.7 Spellcasting
 - Level 0.7 Conjurations
 * Level 2.7 Hexes
 * Level 3.4 Fire Magic
 + Level 3.2 Invocations
 - Level 1.1 Evocations


You had 11 spell levels left.
You knew the following spells:

 Your Spells              Type           Power        Failure   Level  Hunger
a - Inner Flame           Hex/Fire       ##......     34%         3    N/A
b - Flame Tongue          Conj/Fire      #....        17%         1    N/A
p - Apportation           Tloc           #.....       38%         1    N/A


You were on level 7 of the Dungeon.
You worshipped Yredelemnul.
Yredelemnul was aware of your devotion.
You were not hungry.

You visited 1 branch of the dungeon, and saw 7 of its levels.

You collected 387 gold pieces.

.... ... ..# ..# #
).######..# .#
..........##.##
#............ #.
##@....##.# #.
#(......#.## # #.
#.Oz.......# #.#.
#.z.....#$.#
#.#.##......##..###
#....#z#...#c.....
#...#######..######
##.#.## ##.........
#.#..###.#.#######

Notes
Turn   | Place    | Note
-------+----------+-------------------------------------------
     0 | D:1      | ololoev the Mummy Fire Elementalist began the quest for the Orb.
     0 | D:1      | Reached XP level 1. HP: 13/13 MP: 4/4
   663 | D:1      | Reached skill level 1 in Fighting
   664 | D:1      | Reached XP level 2. HP: 21/21 MP: 1/5
  1272 | D:2      | Iwannabefree: запать не легче?
  1281 | D:2      | Reached skill level 1 in Armour
  1295 | D:2      | ololoev: skoree vselo legche, no poka vlom
  1295 | D:2      | ololoev: esli seichas ne poidet to dumau pozapat chtoli
  1478 | D:2      | Reached XP level 3. HP: 24/27 MP: 1/7
  1628 | D:2      | Iwannabefree: а еще можно докачаться до стики и идти в фуллтаб
  1638 | D:2      | Reached skill level 2 in Fighting
  1641 | D:2      | Iwannabefree: спелл имба
  1802 | D:2      | ololoev: ne prokatit
  1802 | D:2      | ololoev: fulltab v leather armore eto fignya
  1802 | D:2      | Iwannabefree: ринг, скейл
  1802 | D:2      | ololoev: a v plate sticky budet rabotat k koncu leira
  1802 | D:2      | ololoev: kogda uje ninujen
  1802 | D:2      | ololoev: vse chto nije chaina ne dlya taba
  1820 | D:2      | Iwannabefree: L U L
  1823 | D:2      | Iwannabefree: http://crawl.xtahua.com/crawl/morgue/Iwannabefree/morgue-Iwannabefree-20170118-181631.txt
  1824 | D:2      | Iwannabefree: 3000 взмахов вилкой!
  1824 | D:2      | Iwannabefree: и 4500 недовилкой
  1824 | D:2      | ololoev: >tornado
  1824 | D:2      | Iwannabefree: последствия гибридизации
  1824 | D:2      | ololoev: da i voobshe mumo bez armora potabal, znachit norm!
  1945 | D:2      | Iwannabefree: армор оверрейтед
  1951 | D:2      | ololoev: ninujen ya bi skazal
  2206 | D:2      | Found a runed door.
  2520 | D:3      | Found a hide-covered altar of Uskayaw.
  2532 | D:3      | Reached XP level 4. HP: 30/34 MP: 2/8
  3405 | D:3      | Reached skill level 3 in Fighting
  3405 | D:3      | Reached skill level 1 in Evocations
  3609 | D:3      | Reached XP level 5. HP: 30/41 MP: 9/9
  3811 | D:4      | Found a bloodstained altar of Trog.
  3812 | D:4      | Found a basalt altar of Yredelemnul.
  3813 | D:4      | Found a hazy altar of Hepliaklqana.
  3819 | D:4      | Became a worshipper of Yredelemnul the Dark
  4188 | D:4      | Reached skill level 1 in Invocations
  4402 | D:4      | Found an iron altar of Okawaru.
  4481 | D:4      | Noticed an ogre
  4491 | D:4      | Killed an ogre
  4491 | D:4      | Reached skill level 1 in Long Blades
  4491 | D:4      | Reached XP level 6. HP: 21/48 MP: 10/10
  4874 | D:4      | Reached * piety under Yredelemnul
  4874 | D:4      | Reached skill level 4 in Fighting
  4901 | D:4      | Learned a level 3 spell: Inner Flame
  4952 | D:4      | Reached XP level 7. HP: 44/54 MP: 11/11
  5259 | D:5      | Entered Level 5 of the Dungeon
  5398 | D:5      | Found a staircase to the Ecumenical Temple.
  5400 | D:5      | Noticed Rhoefr's ghost (novice NaFi)
  6047 | D:6      | Found a shimmering altar of Xom.
  6067 | D:6      | Reached XP level 8. HP: 55/61 MP: 12/12
  6084 | D:6      | Reached skill level 1 in Hexes
  6388 | D:6      | Learned a level 1 spell: Apportation
  6403 | D:6      | Noticed Grinder
  6459 | D:6      | Killed Grinder
  6633 | D:6      | Found a shimmering altar of Xom.
  6634 | D:6      | Noticed Pikel
  6669 | D:6      | Killed Pikel
  6669 | D:6      | Reached skill level 5 in Fighting
  7228 | D:7      | Noticed a two-headed ogre
  7317 | D:7      | Shot with an arrow by a centaur

Dungeon Overview and Level Annotations

Branches:
Dungeon (7/15)             Temple (0/1) D:5

Altars:
Hepliaklqana
Okawaru
Trog
Uskayaw
Xom
Yredelemnul

Annotations:
D:2 1 runed door
D:5 Rhoefr's ghost, novice NaFi


Message History

Your worker ant zombie bites the necrophage.
You strike the helpless necrophage from behind!
You sock the necrophage!
You destroy the necrophage!
Yredelemnul accepts your kill.
No target in view!
No target in view!
No target in view!
You see here a necrophage corpse.
Use which ability? (? or * to list)
You attempt to give life to the dead...
The flesh is too rotten for a proper zombie; only a skeleton remains.
The dead are walking!
You swap places.
You start resting.
Magic restored.
You start resting.
HP restored.
Press: ? - help, v - describe, . - travel
Here: a necrophage skeleton (friendly)
The floor.
You swap places.
A two-headed ogre comes into view. It is wielding two giant spiked clubs.
The two-headed ogre shouts in stereo!
You swap places.
Casting: Inner Flame
Confirm with . or Enter, or press ? or * to list all spells.
Aiming: Inner Flame
Press: ? - help, Shift-Dir - straight line, f - worker ant zombie
Aim: a worker ant zombie (friendly, chance to defeat MR: 76%)
Your worker ant zombie is filled with an inner flame.
What are your orders? t - Shout!
Orders for allies: a - Attack new target. p - Attack previous target. r - Retreat! s - Stop attacking. g - Guard the area. f - Follow me.
Anything else - Cancel.
Gang up on whom?
Press: ? - help, Dir - move target cursor, f - two-headed ogre, p - worker ant zombie
Aim: a two-headed ogre, wielding two giant spiked clubs Attack!
Your worker ant zombie bites the two-headed ogre but does no damage.
You swap places.
The two-headed ogre hits something with a giant spiked club!!
The two-headed ogre hits something with a giant spiked club!
Your worker ant zombie bites the two-headed ogre.
Your worker ant zombie bites something.
Your worker ant zombie barely misses the two-headed ogre.
Your worker ant zombie bites something but does no damage.
Your worker ant zombie closely misses the two-headed ogre.
Something bites the two-headed ogre.
A wight comes into view. It is wielding a halberd.
The wight moves out of view. 2 wights come into view.
The wight moves out of view.
The wight barely misses you.
Something bites the wight.
There is a stone staircase leading up here.
Okay, then.
Evoke which item? (* to show all) (? for menu, Esc to quit)
Okay, then.
Your worker ant zombie's inner flame fades away.
The wight hits your worker ant zombie with a spear.
The two-headed ogre hits you with a giant spiked club!! x2
Something bites the wight but does no damage.
There is a shaft here.
The wight falls through a shaft!
The shaft crumbles and collapses.
Found 15 gold pieces.
Found a scroll of teleportation.
You see here 15 gold pieces.
A wight comes into view. It is wielding a war axe.
The wight moves out of view.
The wight hits you with a war axe!
The centaur shouts!
The centaur wields a shortbow.
The centaur shoots an arrow.
The arrow hits you!
You see here an arrow.
The centaur shoots an arrow.
The arrow completely misses you.
The centaur shoots an arrow.
The arrow hits you.
You die...
Yredelemnul claims you as an undead slave.

You could see a two-headed ogre, a centaur and 3 wights.

Vanquished Creatures
  Pikel (D:6)
  An ice beast (D:6)
  A necrophage (D:7)
  2 ogres (D:4)
  A phantom (D:4)
  2 centaurs
  2 crimson imps
  A hound (D:4)
  2 orc priests
  3 orc wizards
  A worker ant (D:7)
  A hound skeleton (D:6)
  A worker ant zombie (D:5)
  9 adders
  An ooze (D:2)
  An adder zombie (D:5)
  4 worms (D:3)
  2 dart slugs (D:2)
  A leopard gecko (D:4)
  17 orcs
  6 giant cockroaches
  5 goblins
  10 hobgoblins
  2 jackals (D:1)
  5 kobolds
  3 quokkas
  3 bats
  5 frilled lizards
  6 rats
99 creatures vanquished.

Vanquished Creatures (collateral kills)
  Grinder (D:6)
  A water moccasin (D:6)
  A sky beast (D:6)
  A black bear (D:6)
  A phantom (D:6)
  A crimson imp (D:6)
  A centaur skeleton (D:6)
  An orc wizard (D:6)
  An adder zombie (D:5)
  3 orcs (D:6)
12 creatures vanquished.

Vanquished Creatures (others)
  A black bear zombie (D:6)
  A centaur zombie (D:6)
  3 orc wizards (D:6)
  A necrophage skeleton (D:7)
  A worker ant zombie (D:7)
  An orc (D:6)
8 creatures vanquished.

Grand Total: 119 creatures vanquished

Action                   |  1- 3 |  4- 6 |  7- 9 || total
-------------------------+-------+-------+-------++-------
Melee: Whip              |    84 |    40 |       ||   124
       Flail             |       |   131 |   161 ||   292
       Dagger            |       |     9 |    18 ||    27
 Cast: Flame Tongue      |    36 |    23 |       ||    59
       Inner Flame       |       |       |     3 ||     3
Invok: Animate Remains   |       |     1 |     7 ||     8
Evoke: Wand              |       |     7 |     1 ||     8
  Use: Scroll            |       |     5 |     2 ||     7
 Stab: Sleeping          |     2 |     1 |       ||     3
       Distracted        |       |       |     1 ||     1
Armor: Robe              |    10 |    36 |       ||    46
       Chain mail        |       |    57 |   109 ||   166
       Ring mail         |       |       |    29 ||    29
Dodge: Dodged            |    58 |   111 |    83 ||   252

Vault maps used:
D:1:      dpeg_arrival_snail
D:2:      first_bread, uniq_crazy_yiuf_cottage
D:3:      eat_drink_and_be_merry_uskayaw
D:4:      gammafunk_temple_overflow_forgotten, hangedman_decor_opposing,
          okawaru_gym_becter
D:5:      kennysheep_little_box, minmay_temple_entry_grid
D:6:      lemuel_round_altar, basic_altar, serial_bayou_pond_a, uniq_pikel,
          uniq_grinder
D:7:      slow_altar_1
